AoeStats
← old f1sh

Arena

509902797Analyzed
1v1 RM · 3d ago on Sep 28, 2026· 49m 30s· 2 players
Game mode
Random Map
Map size
Tiny (2 player)
Population
200
Speed
Normal
Resources
Standard
Victory
Conquest
Starting age
Dark Age
Ending age
Imperial Age
RankedLock teamsTeams togetherTeam positionsShared explorationLock speedFull tech treeHidden civsTurbo modeCheats
Victory
Defeat
🇮🇹 Burgundians · Italy
1511
+19
🇨🇳 Jurchens · China
1588
-19
ITA | Frades89
7:40 Double-Bit Axe
10:48 Feudal Age
14:30 Castle Age
14:40 Light Cavalry
20:10 Horse Collar
20:57 Bow Saw
22:47 Devotion
23:36 Wheelbarrow
23:50 Heavy Plow
25:08 Atonement
25:29 Loom
28:16 Imperial Age
27:33 Redemption
28:07 Cavalier
28:47 Husbandry
29:15 Scale Barding Armor
29:21 Forging
30:13 Gold Mining
31:29 Hand Cart
33:07 Chain Barding Armor
34:56 Fletching
35:36 Bodkin Arrow
37:10 Chemistry
36:17 Padded Archer Armor
36:45 Burgundian Vineyards
37:01 Conscription
37:37 Iron Casting
38:17 Leather Archer Armor
42:23 Two-Man Saw
42:11 Plate Barding Armor
42:37 Blast Furnace
43:05 Hussar
47:51 Paladin
49:18 Bracer
old f1sh
10:25 Feudal Age
10:29 Feudal Age
11:29 Double-Bit Axe
14:24 Castle Age
12:17 Horse Collar
14:33 Loom
16:38 Light Cavalry
21:20 Bow Saw
21:20 Loom
23:44 Wheelbarrow
24:10 Gold Mining
25:41 Hand Cart
30:44 Imperial Age
28:40 Town Watch
30:46 Siege Engineers
30:52 Masonry
31:09 Guard Tower
32:28 Chemistry
31:46 Bloodlines
31:37 Husbandry
31:46 Scale Barding Armor
32:12 Scale Mail Armor
32:22 Forging
31:49 Pikeman
32:17 Gambesons
32:41 Squires
33:07 Heavy Plow
33:36 Chain Mail Armor
33:15 Elite Fire Lancer
35:08 Conscription
35:51 Iron Casting
34:59 Halberdier
35:37 Capped Ram
37:20 Keep
37:59 Blast Furnace
38:04 Murder Holes
38:15 Hussar
39:19 Fletching
40:07 Arrowslits
40:12 Elite Skirmisher
41:23 Fortified Bastions
41:36 Padded Archer Armor
41:38 Bodkin Arrow
42:44 Bracer
43:23 Padded Archer Armor
43:51 Ballistics
43:39 Arson
45:25 Leather Archer Armor
45:09 Heavy Rocket Cart
46:36 Chain Barding Armor
47:38 Halberdier
Connection lost

Rejoining the realm…

Still unreachable

The connection could not be restored.

Session expired

The server has moved on; the page needs a fresh start.